| TOP OF THE 1ST |
|
Cleveland (APP) Indians batting - Pitching for Great Falls Voyagers : RHP Dusty Haberstroh
|
|
Pitching: RHP Dusty Haberstroh
|
|
|
Batting: RHB Quan Tai
|
0-0: Ball 1-0: Ball 2-0: Ball 3-0: Base on Balls
|
|
Batting: LHB Mario Garza
|
0-0: Called Strike Pickoff Throw to First - Error! E1 Quan Tai to second 0-1: Foul Ball, location: 2F 0-2: Strikes out swinging
|
|
Batting: SHB Jack Tierney
|
0-0: Foul Ball, location: 2F 0-1: Foul Ball, location: 2F 0-2: Foul Ball, location: 2F 0-2: Foul Ball, location: 2F 0-2: Ball 1-2: Ball 2-2: Strikes out swinging
|
|
Batting: RHB Makoto Narita
|
0-0: Ball 1-0: DOUBLE (Line Drive, 5D, EV 99.4 MPH) Quan Tai scores
|
|
Batting: RHB Luke Burnham
|
0-0: Called Strike 0-1: Ball Wild Pitch! Makoto Narita to third 1-1: Foul Ball, location: 2F 1-2: Ball 2-2: Foul Ball, location: 2F 2-2: Ball 3-2: Foul Ball, location: 2F 3-2: Foul Ball, location: 2F 3-2: Ground out 5-3 (Groundball, 5S, EV 70.6 MPH)
|
| Top of the 1st over - 1 run, 1 hit, 1 error, 1 left on base; Cleveland (APP) 1 - Great Falls 0 |
| BOTTOM OF THE 1ST |
|
Great Falls Voyagers batting - Pitching for Cleveland (APP) Indians : RHP Antonio Olvera
|
|
Pitching: RHP Antonio Olvera
|
|
|
Batting: RHB Andy Cotton
|
0-0: Ball 1-0: Foul Ball, location: 2F 1-1: Foul Ball, location: 2F 1-2: Fly out, F2 (Popup, 3SF, EV 81.9 MPH)
|
|
Batting: RHB Francisco Marin
|
0-0: Ball 1-0: Ball 2-0: Ball 3-0: Called Strike 3-1: Foul Ball, location: 2F 3-2: DOUBLE (Flyball, 89D, EV 103.1 MPH)
|
|
Batting: RHB Russ Cornett
|
0-0: Ball 1-0: Ball 2-0: Ball 3-0: Called Strike 3-1: Base on Balls
|
|
Batting: RHB Brad Adams Jr.
|
0-0: Foul Ball, location: 2F 0-1: Swinging Strike 0-2: Strikes out swinging
|
|
Batting: RHB Mitch Cuadros
|
0-0: Called Strike 0-1: Foul Ball, location: 2F 0-2: Ball Wild Pitch! Francisco Marin to third Russ Cornett to second 1-2: Ball 2-2: Foul Ball, location: 2F 2-2: Foul Ball, location: 2F 2-2: DOUBLE (Groundball, 5L, EV 101.2 MPH) Francisco Marin scores Russ Cornett scores
|
|
Batting: RHB Jake Feinstein
|
0-0: Ball 1-0: Ball 2-0: Foul Ball, location: 2F 2-1: Swinging Strike 2-2: Ball Wild Pitch! Mitch Cuadros to third 3-2: Strikes out swinging
|
| Bottom of the 1st over - 2 runs, 2 hits, 0 errors, 1 left on base; Cleveland (APP) 1 - Great Falls 2 |
| TOP OF THE 2ND |
|
Cleveland (APP) Indians batting - Pitching for Great Falls Voyagers : RHP Dusty Haberstroh
|
|
Batting: LHB Mesfin Azagba
|
0-0: Foul Ball, location: 2F 0-1: SINGLE (Groundball, 56D, EV 94.4 MPH)
|
|
Batting: RHB Cruz Castro
|
0-0: Called Strike 0-1: Fielders Choice at 2nd, 1-6 (Groundball, 13S, EV 72.5 MPH)
|
|
Batting: RHB Jose Rodriguez
|
0-0: Foul Ball, location: 2F 0-1: Grounds into double play, 6-4-3 (Groundball, 56, EV 84.4 MPH)
|
| Top of the 2nd over - 0 runs, 1 hit, 0 errors, 0 left on base; Cleveland (APP) 1 - Great Falls 2 |
| BOTTOM OF THE 2ND |
|
Great Falls Voyagers batting - Pitching for Cleveland (APP) Indians : RHP Antonio Olvera
|
|
Batting: RHB Billy Grubbs
|
0-0: Swinging Strike 0-1: Ball 1-1: Called Strike 1-2: Foul Ball, location: 2F 1-2: Strikes out swinging
|
|
Batting: RHB David Cortez
|
0-0: Called Strike 0-1: Fly out, F8 (Line Drive, 89D, EV 106.9 MPH)
|
|
Batting: RHB Joselito Santos
|
0-0: Swinging Strike 0-1: Ball 1-1: Ball 2-1: Foul Ball, location: 2F 2-2: Strikes out swinging
|
| Bottom of the 2nd over - 0 runs, 0 hits, 0 errors, 0 left on base; Cleveland (APP) 1 - Great Falls 2 |
| TOP OF THE 3RD |
|
Cleveland (APP) Indians batting - Pitching for Great Falls Voyagers : RHP Dusty Haberstroh
|
|
Batting: SHB Bob Ledlow
|
0-0: Ball 1-0: Foul Ball, location: 2F 1-1: Foul Ball, location: 2F 1-2: Strikes out looking
|
|
Batting: RHB Quan Tai
|
0-0: Called Strike 0-1: Ground out 6-3 (Groundball, 6, EV 81.9 MPH)
|
|
Batting: LHB Mario Garza
|
0-0: Ball 1-0: Swinging Strike 1-1: Ball 2-1: Called Strike 2-2: SOLO HOME RUN (Flyball, 78XD, EV 101.9 MPH), Distance : 403 ft
|
|
Batting: SHB Jack Tierney
|
0-0: Ball 1-0: Ground out U3 (Groundball, 3, EV 84.4 MPH)
|
| Top of the 3rd over - 1 run, 1 hit, 0 errors, 0 left on base; Cleveland (APP) 2 - Great Falls 2 |
| BOTTOM OF THE 3RD |
|
Great Falls Voyagers batting - Pitching for Cleveland (APP) Indians : RHP Antonio Olvera
|
|
Batting: RHB Andy Cotton
|
0-0: Ball 1-0: Called Strike 1-1: Ground out 5-3 (Groundball, 56, EV 86.9 MPH)
|
|
Batting: RHB Francisco Marin
|
0-0: Foul Ball, location: 2F 0-1: Swinging Strike 0-2: Ball 1-2: SINGLE (Groundball, 56D, EV 96.2 MPH)
|
|
Batting: RHB Russ Cornett
|
0-0: Swinging Strike 0-1: Fly out, F9 (Flyball, 9LS, EV 88.8 MPH)
|
|
Batting: RHB Brad Adams Jr.
|
0-0: Swinging Strike 0-1: Ball 1-1: Called Strike 1-2: Strikes out swinging
|
| Bottom of the 3rd over - 0 runs, 1 hit, 0 errors, 1 left on base; Cleveland (APP) 2 - Great Falls 2 |
| TOP OF THE 4TH |
|
Cleveland (APP) Indians batting - Pitching for Great Falls Voyagers : RHP Dusty Haberstroh
|
|
Batting: RHB Makoto Narita
|
0-0: Foul Ball, location: 2F 0-1: Ball 1-1: Called Strike 1-2: Ground out 6-3 (Groundball, 6, EV 85.6 MPH)
|
|
Batting: RHB Luke Burnham
|
0-0: Ball 1-0: Ground out 5-3 (Groundball, 5L, EV 101.2 MPH)
|
|
Batting: LHB Mesfin Azagba
|
0-0: Swinging Strike 0-1: Ball 1-1: Called Strike 1-2: Ball 2-2: Foul Ball, location: 2F 2-2: Ground out 6-3 (Groundball, 56, EV 76.2 MPH)
|
| Top of the 4th over - 0 runs, 0 hits, 0 errors, 0 left on base; Cleveland (APP) 2 - Great Falls 2 |
| BOTTOM OF THE 4TH |
|
Great Falls Voyagers batting - Pitching for Cleveland (APP) Indians : RHP Antonio Olvera
|
|
Batting: RHB Mitch Cuadros
|
0-0: Ball 1-0: Ball 2-0: Ball 3-0: Base on Balls
|
|
Batting: RHB Jake Feinstein
|
0-0: Ball 1-0: Swinging Strike 1-1: Ball 2-1: Foul Ball, location: 2F 2-2: Ball 3-2: Strikes out looking
|
|
Batting: RHB Billy Grubbs
|
0-0: Ball Passed Ball! Mitch Cuadros to second 1-0: Ball 2-0: Foul Ball, location: 2F 2-1: Foul Ball, location: 2F 2-2: Ball 3-2: Foul Ball, location: 2F 3-2: Base on Balls
|
|
Batting: RHB David Cortez
|
0-0: Ball 1-0: Grounds into double play, 3-6-3 (Groundball, 34, EV 102.5 MPH)
|
| Bottom of the 4th over - 0 runs, 0 hits, 0 errors, 1 left on base; Cleveland (APP) 2 - Great Falls 2 |
| TOP OF THE 5TH |
|
Cleveland (APP) Indians batting - Pitching for Great Falls Voyagers : RHP Dusty Haberstroh
|
|
Batting: RHB Cruz Castro
|
0-0: Foul Ball, location: 2F 0-1: Foul Ball, location: 2F 0-2: SINGLE (Flyball, 78S, EV 86.2 MPH)
|
|
Batting: RHB Jose Rodriguez
|
0-0: Fly out, F9 (Flyball, 89D, EV 90.0 MPH)
|
|
Batting: SHB Bob Ledlow
|
0-0: Called Strike Cruz Castro steals 2nd base 0-1: Foul Ball, location: 2F 0-2: Ball 1-2: Fly out, F8 (Flyball, 8LXD, EV 92.5 MPH) Runner from 2nd tags up, SAFE at 3rd, no throw by CF
|
|
Batting: RHB Quan Tai
|
0-0: Called Strike 0-1: Fly out, F9 (Flyball, 9LS, EV 84.4 MPH)
|
| Top of the 5th over - 0 runs, 1 hit, 0 errors, 1 left on base; Cleveland (APP) 2 - Great Falls 2 |
| BOTTOM OF THE 5TH |
|
Great Falls Voyagers batting - Pitching for Cleveland (APP) Indians : RHP Antonio Olvera
|
|
Batting: RHB Joselito Santos
|
0-0: Called Strike 0-1: Ball 1-1: Ball 2-1: Foul Ball, location: 2F 2-2: Ball 3-2: Strikes out swinging
|
|
Batting: RHB Andy Cotton
|
0-0: SINGLE (Groundball, 6M, EV 104.4 MPH) (infield hit)
|
|
Batting: RHB Francisco Marin
|
0-0: Ball 1-0: Swinging Strike 1-1: Foul Ball, location: 2F 1-2: Strikes out swinging Andy Cotton steals 2nd base (no throw) Batter strikes out.
|
|
Batting: RHB Russ Cornett
|
0-0: Called Strike 0-1: Ball 1-1: Called Strike 1-2: SINGLE (Groundball, 34D, EV 96.9 MPH) Andy Cotton to third Runner from 3rd tries for Home, SAFE, throw by RF to home
|
|
Batting: RHB Brad Adams Jr.
|
0-0: Ball 1-0: Fly out, F8 (Line Drive, 8LM, EV 95.6 MPH)
|
| Bottom of the 5th over - 1 run, 2 hits, 0 errors, 1 left on base; Cleveland (APP) 2 - Great Falls 3 |
| TOP OF THE 6TH |
|
Cleveland (APP) Indians batting - Pitching for Great Falls Voyagers : RHP Dusty Haberstroh
|
|
Batting: LHB Mario Garza
|
0-0: Ball 1-0: Bunt missed! 1-1: Ball 2-1: Called Strike 2-2: Ball 3-2: Base on Balls
|
|
Batting: SHB Jack Tierney
|
0-0: SINGLE (Groundball, 4M, EV 101.2 MPH) Mario Garza to second
|
|
Batting: RHB Makoto Narita
|
0-0: Called Strike 0-1: Fly out, F7 (Flyball, 7D, EV 96.9 MPH)
|
|
Batting: RHB Luke Burnham
|
0-0: Called Strike 0-1: SINGLE (Line Drive, 78M, EV 110.0 MPH) Mario Garza to third Jack Tierney to second
|
|
Batting: LHB Mesfin Azagba
|
0-0: SINGLE (Groundball, 56D, EV 99.4 MPH) Mario Garza scores Jack Tierney to third Luke Burnham to second Runner from 3rd tries for Home, SAFE, throw by LF to home
|
|
Batting: RHB Cruz Castro
|
0-0: Called Strike 0-1: Swinging Strike 0-2: Ball 1-2: Ball 2-2: Ball 3-2: Ground out U3 (Groundball, 3S, EV 85.6 MPH) Luke Burnham to third Mesfin Azagba to second
|
|
Pitching: RHP Ben Robertson
|
|
|
Batting: RHB Jose Rodriguez
|
0-0: Called Strike 0-1: Swinging Strike 0-2: Ball 1-2: Ground out 1-3 (Groundball, 34S, EV 67.5 MPH)
|
| Top of the 6th over - 2 runs, 3 hits, 0 errors, 2 left on base; Cleveland (APP) 4 - Great Falls 3 |
| BOTTOM OF THE 6TH |
|
Great Falls Voyagers batting - Pitching for Cleveland (APP) Indians : RHP Antonio Olvera
|
|
Pitching: LHP Jim Longley
|
|
|
Batting: RHB Mitch Cuadros
|
0-0: Ball 1-0: Ball 2-0: Ball 3-0: Base on Balls
|
|
Batting: RHB Jake Feinstein
|
0-0: Ball 1-0: Ball 2-0: Called Strike 2-1: Called Strike 2-2: Foul Ball, location: 2F 2-2: Strikes out swinging
|
|
Batting: RHB Billy Grubbs
|
0-0: Ball 1-0: Ball 2-0: Ball 3-0: Called Strike 3-1: Swinging Strike 3-2: Base on Balls Mitch Cuadros to second
|
|
Batting: RHB David Cortez
|
0-0: Ball 1-0: Ball 2-0: Called Strike 2-1: Ball 3-1: Foul Ball, location: 2F 3-2: Strikes out looking
|
|
Batting: RHB Joselito Santos
|
0-0: Ball 1-0: Ball 2-0: Foul Ball, location: 2F 2-1: DOUBLE (Line Drive, 9LM, EV 100.0 MPH) Mitch Cuadros scores Billy Grubbs to third Runner from 3rd tries for Home, SAFE, throw by RF to home
|
|
Batting: RHB Andy Cotton
|
0-0: Foul Ball, location: 2F 0-1: Foul Ball, location: 2F 0-2: Strikes out swinging
|
| Bottom of the 6th over - 2 runs, 1 hit, 0 errors, 1 left on base; Cleveland (APP) 4 - Great Falls 5 |
| TOP OF THE 7TH |
|
Cleveland (APP) Indians batting - Pitching for Great Falls Voyagers : RHP Ben Robertson
|
|
Batting: SHB Bob Ledlow
|
0-0: Ground out 6-3 (Groundball, 6, EV 85.0 MPH)
|
|
Batting: RHB Quan Tai
|
0-0: Called Strike 0-1: Called Strike 0-2: Strikes out swinging
|
|
Batting: LHB Mario Garza
|
0-0: Foul Ball, location: 2F 0-1: Foul Ball, location: 2F 0-2: Fly out, F9 (Flyball, 89S, EV 84.4 MPH)
|
| Top of the 7th over - 0 runs, 0 hits, 0 errors, 0 left on base; Cleveland (APP) 4 - Great Falls 5 |
| BOTTOM OF THE 7TH |
|
Great Falls Voyagers batting - Pitching for Cleveland (APP) Indians : LHP Jim Longley
|
|
Batting: RHB Francisco Marin
|
0-0: Fly out, F9 (Flyball, 9LMF, EV 109.4 MPH)
|
|
Batting: RHB Russ Cornett
|
0-0: Ball 1-0: Called Strike 1-1: Ball 2-1: Swinging Strike 2-2: Strikes out looking
|
|
Batting: RHB Brad Adams Jr.
|
0-0: Foul Ball, location: 2F 0-1: Called Strike 0-2: Ball 1-2: Ball 2-2: Foul Ball, location: 2F 2-2: Foul Ball, location: 2F 2-2: Ball 3-2: Foul Ball, location: 2F 3-2: Foul Ball, location: 2F 3-2: Fly out, F7 (Flyball, 7, EV 96.9 MPH)
|
| Bottom of the 7th over - 0 runs, 0 hits, 0 errors, 0 left on base; Cleveland (APP) 4 - Great Falls 5 |
| TOP OF THE 8TH |
|
Cleveland (APP) Indians batting - Pitching for Great Falls Voyagers : RHP Ben Robertson
|
|
Batting: SHB Jack Tierney
|
0-0: Ball 1-0: Ball 2-0: Ball 3-0: Called Strike 3-1: Base on Balls
|
|
Batting: RHB Makoto Narita
|
0-0: Ball Wild Pitch! Jack Tierney to second 1-0: Ball 2-0: SINGLE (Groundball, 6S, EV 69.4 MPH) (infield hit) Jack Tierney to third
|
|
Batting: LHB Justin Eargle
|
0-0: Called Strike 0-1: Ball 1-1: Ball 2-1: Ground out 4-3 (Groundball, 34S, EV 67.5 MPH) Makoto Narita to second
|
|
Pitching: RHP Mike Brungardt
|
|
|
Batting: LHB Mesfin Azagba
|
0-0: Ball 1-0: Ball 2-0: Ball 3-0: Base on Balls
|
|
Pinch Hitting: RHB Kevin Trull
|
0-0: Ball 1-0: Ball 2-0: Foul Ball, location: 2F 2-1: Ball 3-1: SINGLE (Line Drive, 6M, EV 95.0 MPH) Jack Tierney scores Makoto Narita to third Mesfin Azagba to second
|
|
Batting: RHB Jose Rodriguez
|
0-0: Ball 1-0: Ball 2-0: Foul Ball, location: 2F 2-1: Fly out, F4 (Popup, 4D, EV 72.5 MPH)
|
|
Batting: SHB Bob Ledlow
|
0-0: Ball 1-0: Ball 2-0: Ball 3-0: Called Strike 3-1: Base on Balls Makoto Narita scores Mesfin Azagba to third Kevin Trull to second
|
|
Batting: RHB Quan Tai
|
0-0: Ball 1-0: Swinging Strike 1-1: Ball 2-1: Ground out U3 (Groundball, 3S, EV 86.2 MPH)
|
| Top of the 8th over - 2 runs, 2 hits, 0 errors, 3 left on base; Cleveland (APP) 6 - Great Falls 5 |
| BOTTOM OF THE 8TH |
|
Great Falls Voyagers batting - Pitching for Cleveland (APP) Indians : LHP Jim Longley
|
|
Pitching: RHP Warren Waldman
|
|
|
Now at 1B: Luis de Leon
|
|
|
Now at 2B: Russ Kennett
|
|
|
Batting: RHB Mitch Cuadros
|
0-0: Called Strike 0-1: Called Strike 0-2: Strikes out looking
|
|
Batting: RHB Jake Feinstein
|
0-0: Ball 1-0: Ball 2-0: Ball 3-0: Called Strike 3-1: Called Strike 3-2: DOUBLE (Line Drive, 7LS, EV 92.5 MPH)
|
|
Batting: RHB Billy Grubbs
|
0-0: Ball 1-0: Ball Wild Pitch! Jake Feinstein to third 2-0: Swinging Strike 2-1: Ball 3-1: Foul Ball, location: 2F 3-2: Foul Ball, location: 2F 3-2: Base on Balls
|
|
Batting: RHB David Cortez
|
0-0: Ball 1-0: Ground out 5-3 (Groundball, 6S, EV 86.9 MPH) Billy Grubbs to second
|
|
Batting: RHB Joselito Santos
|
0-0: Called Strike 0-1: Ball 1-1: Ball 2-1: Ground out 6-3 (Groundball, 6, EV 83.8 MPH)
|
| Bottom of the 8th over - 0 runs, 1 hit, 0 errors, 2 left on base; Cleveland (APP) 6 - Great Falls 5 |
| TOP OF THE 9TH |
|
Cleveland (APP) Indians batting - Pitching for Great Falls Voyagers : RHP Mike Brungardt
|
|
Batting: LHB Mario Garza
|
0-0: Swinging Strike 0-1: Ball 1-1: Foul Ball, location: 2F 1-2: Ball 2-2: Strikes out swinging
|
|
Batting: SHB Jack Tierney
|
0-0: Ball 1-0: Called Strike 1-1: Ball 2-1: Ball 3-1: Base on Balls
|
|
Batting: RHB Makoto Narita
|
0-0: Called Strike 0-1: Swinging Strike 0-2: Ball 1-2: Strikes out swinging
|
|
Batting: LHB Justin Eargle
|
0-0: Foul Ball, location: 2F 0-1: Swinging Strike 0-2: Foul Ball, location: 2F 0-2: Ball 1-2: Foul Ball, location: 2F 1-2: Ball 2-2: Fly out, F7 (Flyball, 78M, EV 91.9 MPH)
|
| Top of the 9th over - 0 runs, 0 hits, 0 errors, 1 left on base; Cleveland (APP) 6 - Great Falls 5 |
| BOTTOM OF THE 9TH |
|
Great Falls Voyagers batting - Pitching for Cleveland (APP) Indians : RHP Warren Waldman
|
|
Pitching: RHP Chris Gomez
|
|
|
Batting: RHB Andy Cotton
|
0-0: Ball 1-0: Foul Ball, location: 2F 1-1: Ball 2-1: Ball 3-1: Called Strike 3-2: Fly out, F8 (Flyball, 8LS, EV 78.1 MPH)
|
|
Batting: RHB Francisco Marin
|
0-0: Ball 1-0: Swinging Strike 1-1: Ball 2-1: Foul Ball, location: 2F 2-2: Ground out 6-3 (Groundball, 56, EV 108.8 MPH)
|
|
Batting: RHB Russ Cornett
|
0-0: Swinging Strike 0-1: Fly out, F2 (Popup, 23F, EV 85.6 MPH)
|
| Bottom of the 9th over - 0 runs, 0 hits, 0 errors, 0 left on base; Cleveland (APP) 6 - Great Falls 5 |
|